 Dungeon Crawl Stone Soup version 0.32-a0-172-gc5dd13f2a7 (webtiles) character file.

Game seed: 6152649225447766370

7788 Newt the Fighter (level 11, 0/135 HPs)
             Began as a Demonspawn Gladiator on Feb 12, 2024.
             Was a Priest of Okawaru.
             Succumbed to a killer bee's poison
             ... on level 9 of the Dungeon.
             The game lasted 00:14:23 (9905 turns).

Newt the Fighter (Demonspawn Gladiator)             Turns: 9905, Time: 00:14:23

Health: 0/135      AC: 22    Str: 19 (20) XL:     11   Next: 1%
Magic:  11/11      EV: 10    Int:  7 (9)  God:    Okawaru [***...]
Gold:   407        SH: 10    Dex: 20 (23) Spells: 10/10 levels left

rFire   . . .        g - +2 dagger (elec)
rCold   + . .        A - +0 kite shield
rNeg    . . .        e - +7 Kryia's mail coat {PotionHeal*2 rC+}
rPois   .            c - +0 helmet
rElec   .            (no cloak)
rCorr   .            q - +0 pair of gloves
SInv    .            j - +0 pair of boots
Will    .....        (no amulet) Stlth
                     s - +4 ring of protection
HPRegen 0.42/turn    w - +6 ring of strength
MPRegen 0.12/turn

%: clarity
@: berserking, lethally poisoned (0 -> -9), very quick
A: thin skeletal structure 2, ignite blood 1, demonic touch 2, clarity
a: Renounce Religion, Heroism


You were on level 9 of the Dungeon.
You worshipped Okawaru.
Okawaru was most pleased with you.
You visited 2 branches of the dungeon, and saw 11 of its levels.
You also visited: Bailey.

You collected 429 gold pieces.
You spent 22 gold pieces at shops.

Inventory:

Hand Weapons
 a - a +0 war axe
 g - a +2 dagger of electrocution (weapon)
 k - a +4 dagger
Armour
 b - a +0 leather armour
 c - a +0 helmet (worn)
 e - the +7 Kryia's mail coat (worn) {PotionHeal*2 rC+}
   (You found it on level 2 of the Dungeon)

   PotionHeal*2: Potions heal its wearer twice as much.
   rC+:       It protects you from cold.
 j - a +0 pair of boots (worn)
 q - a +0 pair of gloves (worn)
 A - a +0 kite shield (worn)
Jewellery
 p - a ring of fire
 s - a +4 ring of protection (left hand)
 v - a ring of ice
 w - a +6 ring of strength (right hand)
 y - an amulet of magic regeneration
 E - a ring of protection from fire
 F - a ring of poison resistance
 K - a ring of flight
Wands
 G - a wand of flame (8)
 J - a wand of roots (11)
Scrolls
 d - a scroll of amnesia
 f - 13 scrolls of enchant weapon
 h - 2 scrolls of noise
 l - a scroll of poison
 m - 2 scrolls of enchant armour
 o - a scroll of teleportation
 r - a scroll of immolation
 t - a scroll of revelation {unknown}
 H - a scroll of acquirement {unknown}
Potions
 i - 2 potions of haste {unknown}
 n - 3 potions of brilliance
 u - a potion of invisibility
 x - a potion of attraction {unknown}
 z - a potion of mutation
 B - 2 potions of might
 I - 2 potions of lignification


   Skills:
 + Level 10.1 Fighting
 - Level 5.0 Short Blades
 - Level 3.2 Axes
 * Level 8.3 Throwing
 - Level 7.0 Armour
 - Level 2.6 Dodging
 - Level 3.5 Shields


You had 10 spell levels left.
You didn't know any spells.
Your spell library contained the following spells:

 Spells                   Type           Power      Damage    Failure   Level
 Foxfire                  Conj/Fire      0%         2x1d4     97%         1
 Blink                    Tloc           0%         N/A       99%         2
 Lesser Beckoning         Tloc           0%         N/A       99%         2
 Momentum Strike          Conj/Tloc      0%         3d8       99%         2
 Plasma Beam              Fire/Air       0%         2x1d10    100%        6
 Starburst                Conj/Fire      0%         6d3       100%        6
 Orb of Destruction       Conj           0%         9d5       100%        7
 Summon Blazeheart Golem  Fire/Summ      Unusable   N/A       N/A         4
 Spellforged Servitor     Conj/Summ      Unusable   N/A       N/A         7

Dungeon Overview and Level Annotations

Branches:
Dungeon (10/15)            Temple (1/1) D:7            Lair (0/5) D:9
 Bailey (visited)
    Orc: D:9-12

Altars:
Ashenzari
Cheibriados
Dithmenos
Fedhas
Gozag
Hepliaklqana
Kikubaaqudgha
Makhleb
Okawaru
Ru
Sif Muna
Vehumet
Wu Jian
Xom
Yredelemnul

Shops:
D:1 **=[:

Portals:
Abyss: D:7

Annotations:
D:4 1 runed translucent door, Newt's ghost, amateur GrFi
D:5 2 transporters
D:7 2 transporters, Amaemon; Azoth's ghost, novice KoBr
D:8 Maurice


Innate Abilities, Weirdness & Mutations

You have a moderately thin skeletal structure. (Dex +4, Stealth++)
Your demonic aura sometimes causes spilled blood to erupt in flames.
Your touch may inflict irresistible damage on your foes.
You possess an exceptional clarity of mind.


Message History

You feel very sick. The killer bee closely misses you.
You block the killer bee's attack.
The killer bee stings you but does no damage.
The killer bee closely misses you. You block the killer bee's attack.
The killer bee stings you but does no damage. x2
The killer bee barely misses you.
Unknown command.
You completely miss the killer bee.
The killer bee is severely wounded.
You feel sick.
The killer bee stings you but does no damage.
The killer bee stings you.
* * * LOW HITPOINT WARNING * * *
You are more poisoned.
The killer bee poisons you!
The killer bee stings you but does no damage.
The killer bee misses you.
You hit the killer bee.
Lightning courses through the killer bee!!
You kill the killer bee!
Okawaru accepts your kill.
* * * LOW HITPOINT WARNING * * *
You feel very sick. The killer bee barely misses you.
You block the killer bee's attack.
The killer bee stings you but does no damage.
You block the killer bee's attack. The killer bee barely misses you.
You completely miss the killer bee.
* * * LOW HITPOINT WARNING * * *
You feel sick.
The killer bee stings you but does no damage.
You block the killer bee's attack. The killer bee barely misses you.
Unknown command.
You barely miss the killer bee.
* * * LOW HITPOINT WARNING * * *
You feel sick. You block the killer bee's attack. The killer bee misses you.
The killer bee closely misses you.
Unknown command.
You are too berserk!
You closely miss the killer bee.
You die...

#############
.............#
#...#...#...###
..............#
#...#...#.yy#.#
.........yy@..#
############.#
#.####...#
######.##...###
###......##.#.#
####...#######.#.#
R.........# #.#.#
###..####.# #.#.#
.....# #.# #J#.#


You could see 4 killer bees.

Vanquished Creatures
  2 two-headed ogres
  An ugly thing (D:10)
  An orc knight (Bailey)
  A manticore (D:10)
  Jeremiah (D:6)
  Prince Ribbit (D:6)
  A slime creature (D:10)
  Grum (D:8)
  A steam dragon (D:8)
  A vampire mosquito (D:10)
  Edmund (D:6)
  An acid dragon (D:9)
  3 water moccasins
  12 orc warriors
  A sky beast (D:7)
  An ogre (D:5)
  4 wolves
  2 centaurs
  3 kobold brigands
  A phantom (D:6)
  2 scorpions
  3 bullfrogs
  17 killer bees
  2 howler monkeys
  A bombardier beetle (D:4)
  4 orc priests
  4 hounds
  A jelly (D:5)
  4 iguanas
  An orc wizard (D:3)
  4 gnolls (D:2)
  8 adders
  2 river rats (D:9)
  2 white imps
  2 ufetubi (D:6)
  3 dart slugs
  2 ribbon worms (D:3)
  41 orcs
  10 ball pythons
  5 bats
  7 endoplasms
  4 giant cockroaches
  2 goblins
  9 hobgoblins
  7 jackals
  19 kobolds
  2 quokkas
  2 frilled lizards
  2 rats
212 creatures vanquished.

Notes
Turn   | Place    | Note
-------+----------+-------------------------------------------
     0 | D:1      | Newt the Demonspawn Gladiator began the quest for the Orb.
     0 | D:1      | Reached XP level 1. HP: 16/16 MP: 1/1
    90 | D:1      | Gained mutation: You have a somewhat thin skeletal
                  | structure. (Dex +2, Stealth+) [demonic ancestry]
    90 | D:1      | Reached XP level 2. HP: 16/22 MP: 2/2
   313 | D:1      | Found Asumy's General Store.
   335 | D:1      | Bought a scroll of identify for 22 gold pieces
   373 | D:1      | Found Poobedieg's Jewellery Shoppe.
   569 | D:1      | Found Tantis's Antique Armour Emporium.
   580 | D:1      | Found a faded altar of an unknown god.
   606 | D:1      | Found Uttergh's Book Shop.
   663 | D:1      | Found Coimap's Assorted Antiques.
   875 | D:2      | Reached XP level 3. HP: 27/28 MP: 3/3
   879 | D:2      | Reached skill level 1 in Short Blades
  1297 | D:2      | Reached XP level 4. HP: 24/34 MP: 4/4
  1303 | D:2      | Reached skill level 3 in Fighting
  1536 | D:2      | Found the +7 Kryia's mail coat {PotionHeal*2 rC+}
  1919 | D:3      | Gained mutation: Your touch may inflict minor irresistible
                  | damage on your foes. [demonic ancestry]
  1919 | D:3      | Reached XP level 5. HP: 33/41 MP: 5/5
  2848 | D:4      | Identified the +2 robe of Beauty {*Corrode Fly rN+++ Dex-4}
  2871 | D:4      | Noticed Newt's ghost (amateur GrFi)
  2875 | D:4      | Found a runed translucent door.
  3105 | D:4      | Reached skill level 4 in Fighting
  3105 | D:4      | Gained mutation: Your demonic aura sometimes causes spilled
                  | blood to erupt in flames. [demonic ancestry]
  3105 | D:4      | Reached XP level 6. HP: 48/48 MP: 6/6
  3377 | D:5      | Entered Level 5 of the Dungeon
  3779 | D:5      | Reached skill level 5 in Short Blades
  3779 | D:5      | Reached XP level 7. HP: 44/55 MP: 7/7
  3827 | D:5      | Found an ancient bone altar of Kikubaaqudgha.
  3998 | D:5      | Found a transporter.
  4138 | D:5      | Found a transporter.
  4279 | D:5      | Reached skill level 1 in Shields
  4536 | D:6      | Reached skill level 5 in Fighting
  4779 | D:6      | Noticed Prince Ribbit
  4803 | D:6      | Killed Prince Ribbit
  4941 | D:6      | Noticed a two-headed ogre
  4959 | D:6      | Killed a two-headed ogre
  4960 | D:6      | Reached skill level 6 in Fighting
  4960 | D:6      | Gained mutation: You have a moderately thin skeletal
                  | structure. (Dex +4, Stealth++) [demonic ancestry]
  4960 | D:6      | Reached XP level 8. HP: 34/65 MP: 8/8
  5236 | D:6      | Found an opulent altar of Gozag.
  5236 | D:6      | Found a radiant altar of Vehumet.
  5243 | D:6      | Noticed Edmund
  5244 | D:6      | Noticed Jeremiah
  5267 | D:6      | Killed Edmund
  5272 | D:6      | Reached skill level 5 in Armour
  5288 | D:6      | Killed Jeremiah
  5289 | D:6      | Reached skill level 7 in Fighting
  5289 | D:6      | Gained mutation: Your touch may inflict irresistible damage
                  | on your foes. [demonic ancestry]
  5289 | D:6      | Reached XP level 9. HP: 63/72 MP: 9/9
  5771 | D:7      | Found a transporter.
  5935 | D:7      | Found a transporter.
  6236 | D:7      | Found a staircase to the Ecumenical Temple.
  6242 | Temple   | Entered the Ecumenical Temple
  6255 | Temple   | Became a worshipper of Warmaster Okawaru
  6331 | D:7      | Noticed an ancient zyme
  6331 | D:7      | Noticed Azoth's ghost (novice KoBr)
  6345 | D:7      | Found a one-way gate to the infinite horrors of the Abyss.
  6760 | D:7      | Reached skill level 8 in Fighting
  7460 | D:8      | Reached * piety under Okawaru
  7460 | D:8      | Noticed Grum
  7851 | D:8      | Killed Grum
  7852 | D:8      | Reached XP level 10. HP: 38/82 MP: 10/10
  7867 | D:8      | Noticed Amaemon
  8291 | D:8      | Noticed an orange demon
  8296 | D:8      | Reached skill level 5 in Throwing
  8306 | D:8      | Noticed Maurice
  8345 | D:9      | Noticed a two-headed ogre
  8362 | D:9      | Killed a two-headed ogre
  8362 | D:9      | Reached ** piety under Okawaru
  8363 | D:9      | Reached skill level 9 in Fighting
  8597 | D:9      | Found a staircase to the Lair.
  8991 | D:9      | Noticed a boulder beetle
  8991 | D:9      | Noticed a tengu warrior
  8997 | D:9      | Noticed a cyclops
  9003 | D:10     | Entered Level 10 of the Dungeon
  9012 | D:10     | Noticed a manticore
  9019 | D:10     | Noticed a cyclops
  9019 | D:10     | Noticed a cyclops
  9021 | D:10     | Noticed a red ugly thing
  9056 | D:10     | Found a flagged portal.
  9065 | D:10     | Killed a red ugly thing
  9070 | D:10     | Killed a manticore
  9312 | Bailey   | Entered a bailey
  9691 | Bailey   | Noticed an orc knight
  9702 | Bailey   | Killed an orc knight
  9703 | Bailey   | Reached skill level 10 in Fighting
  9706 | Bailey   | Reached *** piety under Okawaru
  9748 | Bailey   | Reached XP level 11. HP: 89/90 MP: 11/11
  9821 | D:9      | Noticed a death knight
  9898 | D:9      | Gained mutation: You possess an exceptional clarity of
                  | mind. [potion of mutation]
  9902 | D:9      | HP: 4/135 [poisoned by a killer bee]
  9904 | D:9      | HP: 1/135 [poisoned by a killer bee]
  9905 | D:9      | Succumbed to a killer bee's poison

Illustrated notes

Levels and vault maps discovered:
D:1:      psy_arrival_statuary, layout_rooms, serial_shops, shop,
          nicolae_shop_overgrown_old_shop, nicolae_square_shop,
          nicolae_shop_window_shopping, nicolae_shop_crystal,
          chequers_ecumenical_altar_simple, corner_web_ring,
          nicolae_concentric_dashed_squares_wild, minmay_vboxes
D:2:      layout_basic
D:3:      layout_basic
D:4:      layout_gridville, hellmonk_ghost_happy_afterlife,
          hangedman_abyss_or_decor_jellyfish_corner,
          corexii_item_surrounded_by_moat, minmay_misc_feat_x,
          serial_bayou_ford_a, minmay_door_square
D:5:      gammafunk_cloud_chamber, layout_loops_ring, kennysheep_mini
D:6:      layout_basic, nicolae_overflow_two_pavilions, chequers_arboretum,
          uniq_prince_ribbit1, uniq_jeremiah, uniq_edmund
D:7:      layout_layer_cave, minmay_temple_entry_hall,
          gammafunk_ghost_abyssal_escape, minmay_statues_item
D:8:      layout_cave_pools, mainiacjoe_overflow_catwalk_spiral, uniq_maurice,
          uniq_amaemon, uniq_grum
D:9:      layout_basic, lemuel_coloured_pillars_altar, dpeg_lair_monsters,
          serial_shops, nicolae_shop_tiny_real_fake_doors, minivault_28
D:10:     minmay_cut_squares, layout_cave_pods, marbit_many_paths,
          enter_bailey_6, kb_lookout_dungeons_type, uniq_fannar, uniq_maggie
Temple:   nicolae_temple_no_exploring_needed

Skill      XL: |  1  2  3  4  5  6  7  8  9 10 |
---------------+-------------------------------+-----
Axes           | 3 |  3.2
Short Blades   | 1 3 5 |  5.0
Fighting       | 3 4 6 7 8 10 | 10.1
Shields        | 3 |  3.5
Armour         | 4 5 7 |  7.0
Throwing       | 4 8 |  8.3
Dodging        | |  2.6

Action                     |  1- 3 |  4- 6 |  7- 9 | 10-12 || total
---------------------------+-------+-------+-------+-------++-------
  Melee: War axe           |    47 |       |       |       ||    47
         Dagger            |    68 |   201 |   486 |   268 ||  1023
         Touch             |       |    17 |       |       ||    17
  Throw: Javelin           |     1 |       |       |       ||     1
         Throwing net      |       |     2 |     1 |       ||     3
         Dart              |       |       |    37 |     2 ||    39
  Evoke: Wand              |       |       |       |     3 ||     3
    Use: Scroll            |     2 |     2 |     5 |     4 ||    13
         Potion            |       |     1 |     1 |    12 ||    14
   Stab: Sleeping          |     3 |     1 |       |     1 ||     5
         Held in net/web   |       |       |     1 |       ||     1
         Invisible         |       |       |       |     8 ||     8
 Armour: Leather armour    |    69 |     4 |       |       ||    73
         Scale mail        |       |    92 |   324 |   284 ||   700
         Skin              |       |       |       |    17 ||    17
  Dodge: Dodged            |    87 |    56 |   211 |   167 ||   521
  Block: Kite shield       |       |    20 |   361 |   280 ||   661

Table legend: (Time is in decaauts)
 A = Elapsed time spent in this place.
 B = Non-inter-level travel time spent in this place.
 C = Inter-level travel time spent in this place.
 D = Time resting spent in this place.
 E = Time spent auto-exploring this place.
 F = Levels seen in this place.
 G = Mean time per level.
                   A        B        C        D        E       F      G
               +--------+--------+--------+--------+--------+-----+--------+
         Total |   9816 |   9440 |    376 |   2874 |   4514 |  12 |  818.0 |
       Dungeon |   9349 |   8993 |    356 |   2640 |   4510 |  10 |  934.9 |
        Temple |     20 |      1 |     19 |      0 |      0 |   1 |   20.0 |
        Bailey |    446 |    446 |      0 |    234 |      4 |   1 |  446.0 |
               +--------+--------+--------+--------+--------+-----+--------+

Top non-repeatable levels by time:
     D:7: 2374 daAuts
     D:6: 1213 daAuts
     D:5: 1053 daAuts
     D:3: 941 daAuts
     D:2: 933 daAuts
     D:1: 870 daAuts
     D:9: 724 daAuts
     D:4: 627 daAuts
  Bailey: 446 daAuts
    D:10: 342 daAuts
     D:8: 266 daAuts
  Temple: 20 daAuts
